 Dungeon Crawl Stone Soup version 0.28.0-53-g5a82cb258f (webtiles) character file.

Game seed: 5677989741975455070

100 Atelerd the Digger (level 4, 0/27 HPs)
             Began as an Octopode Earth Elementalist on July 12, 2022.
             Slain by a goblin
             ... wielding a +0 club
             ... led by Robin
              (7 damage)
             ... on level 2 of the Dungeon.
             The game lasted 00:01:23 (1651 turns).

Atelerd the Digger (Octopode Earth Elementalist)    Turns: 1651, Time: 00:01:27

Health: 0/27       AC:  1    Str:  7    XL:     4   Next: 74%
Magic:  1/8        EV: 13    Int: 19    God:
Gold:   56         SH:  0    Dex: 12    Spells: 8/9 levels left

rFire   . . .      SeeInvis .   a - +0 dagger
rCold   . . .      Faith    .   (no shield)
rNeg    . . .      Spirit   .   (helmet restricted)
rPois   .          Reflect  .   (no amulet)
rElec   .          Harm     .   (no ring)
rCorr   .          Rampage  .   (no ring)
Will    .....                   (no ring)
Stlth   +++.......              (no ring)
HPRegen 0.09/turn               (no ring)
MPRegen 0.11/turn               (no ring)
                                (no ring)
                                (no ring)

@: no status effects
A: almost no armour, amphibious, 8 rings, camouflage 1, gelatinous body 1,
(nimble swimmer 1), tentacles
a: no special abilities


You were on level 2 of the Dungeon.
You visited 1 branch of the dungeon, and saw 2 of its levels.

You collected 56 gold pieces.

Inventory:

Hand Weapons
 a - a +0 dagger (weapon)
Missiles
 b - 29 stones
Scrolls
 d - a scroll of vulnerability {unknown}
 f - 3 scrolls of identify {unknown}
 g - a scroll of amnesia {unknown}
 i - a scroll of teleportation {unknown}
Potions
 c - a potion of haste {unknown}
 e - a potion of flight {unknown}
 h - 2 potions of cancellation {unknown}


   Skills:
 + Level 0.4 Fighting
 + Level 0.5 Short Blades
 - Level 2.0 Dodging
 + Level 3.1 Stealth
 + Level 3.1 Spellcasting
 + Level 1.0 Transmutations
 + Level 4.2 Earth Magic


You had 8 spell levels left.
You knew the following spells:

 Your Spells              Type           Power      Damage    Failure   Level
a - Sandblast             Erth           36%        2d10      2%          1

Your spell library contained the following spells:

 Spells                   Type           Power      Damage    Failure   Level
 Passwall                 Tmut/Erth      10%        N/A       8%          2
 Stone Arrow              Conj/Erth      20%        3d8       19%         3
 Petrify                  Tmut/Erth      12%        N/A       45%         4


Dungeon Overview and Level Annotations

Branches:
Dungeon (2/15)

Altars:

Annotations:
D:2 Robin


Innate Abilities, Weirdness & Mutations

You cannot wear most types of armour.
You are amphibious.
You can wear up to eight rings at the same time.
Your skin changes colour to match your surroundings (Stealth+).
Your rubbery body absorbs attacks. (AC +1, EV +1)
((You are camouflaged when in or above water. (Stealth+)))
You have tentacles for arms and can constrict up to eight enemies at once.


Message History

Robin shouts!
You hear a shout!
A goblin comes into view. It is wielding a +0 dagger.
A goblin comes into view. It is wielding a +0 club.
A goblin comes into view. It is wielding a +0 club. x2
There are monsters nearby!
A hobgoblin and 2 goblins come into view.
The goblin shouts! x2
Robin roars a battlecry!
The goblins go into a battle-frenzy!
The goblin shouts!
You hear an angry hiss.
You hear a shout!
There is a stone staircase leading down here.
The blast of sand hits Robin.
Robin is moderately wounded.
The goblin shouts!
A ball python comes into view.
Robin throws the goblin at you! The goblin barely misses you.
You hit the goblin but do no damage. Your grab misses the goblin.
The goblin closely misses you.
A goblin comes into view. It is wielding a +0 dagger.
There are monsters nearby!
You closely miss the goblin. Your grab misses the goblin.
You squeeze the goblin.
You kill the goblin!
The goblin misses you.
The blast of sand hits the goblin!
You kill the goblin!
Robin throws the goblin at you! The goblin misses you.
There are monsters nearby!
You hit the hobgoblin. Your grab misses the hobgoblin.
The hobgoblin is lightly wounded.
Robin throws the goblin at you! The goblin hits you with a +0 dagger.
The goblin hits you with a +0 club.
You hit the hobgoblin. Your grab misses the hobgoblin.
Your squeeze misses the hobgoblin.
The hobgoblin is heavily wounded.
The hobgoblin closely misses you. Robin throws the goblin at you!
The goblin barely misses you. The goblin hits you with a +0 dagger.
* * * LOW HITPOINT WARNING * * *
The goblin hits you with a +0 club!
You die...

.. ... #.# #.. #.#
#...#.. #.# #..g.. #.#
#..#g## #.# Sg..######
#.# #. #)gg....# #.# ..
#.@g....# #.# ##.
#g#.)...# #####.# ..
#.#.))..# ......# .#
#.#.)...# ####..##.##.
#.#.....# #..#..##.
#.......#
#####...###.####...####
.............###.###
#####..###.#.##..#


You could see Robin, a hobgoblin (strong), 5 goblins and a ball python.

Vanquished Creatures
  A hound (D:2)
  An adder (D:2)
  5 ball pythons
  4 endoplasms
  9 goblins
  6 hobgoblins
  4 jackals (D:1)
  2 quokkas
  7 bats
  5 frilled lizards
  8 kobolds
  4 rats
56 creatures vanquished.

Vanquished Creatures (others)
  2 plants (D:1)
2 creatures vanquished.

Grand Total: 58 creatures vanquished

Notes
Turn   | Place    | Note
-------+----------+-------------------------------------------
     0 | D:1      | Atelerd the Octopode Earth Elementalist began the quest for
                  | the Orb.
     0 | D:1      | Reached XP level 1. HP: 11/11 MP: 3/3
   277 | D:1      | Reached XP level 2. HP: 15/17 MP: 1/5
   872 | D:1      | Reached XP level 3. HP: 21/21 MP: 3/6
   957 | D:1      | Noticed a floating eye
   959 | D:1      | Found a faded altar of an unknown god.
   963 | D:1      | Noticed an eye of devastation
   998 | D:1      | Noticed an eye of devastation
  1060 | D:1      | Noticed a floating eye
  1504 | D:2      | Reached skill level 4 in Earth Magic
  1504 | D:2      | Reached XP level 4. HP: 27/27 MP: 6/8
  1642 | D:2      | Noticed Robin
  1651 | D:2      | Slain by a goblin

Illustrated notes

Levels and vault maps discovered:
D:1:      giann_bridges, layout_rooms, hellmonk_ecumenical_altar_watching_god,
          nrook_mini_backslash, minmay_indecisive_spiral
D:2:      cheibrodos_helix_gallery, layout_rooms, uniq_robin

Skill      XL: |  1  2  3 |
---------------+----------+-----
Stealth        | 3 |  3.1
Spellcasting   | 3 |  3.1
Earth Magic    | 4 |  4.2
Fighting       | |  0.4
Short Blades   | |  0.5
Dodging        | |  2.0
Transmutations | |  1.0

Action                   |  1- 3 |  4- 6 || total
-------------------------+-------+-------++-------
Melee: Dagger            |    23 |    10 ||    33
       Constrict         |    10 |     3 ||    13
       Tentacles         |     5 |     3 ||     8
 Cast: Sandblast         |    45 |    14 ||    59
 Stab: Sleeping          |     1 |       ||     1
Armor: Skin              |     1 |       ||     1
Dodge: Dodged            |    16 |    17 ||    33
